 Dungeon Crawl Stone Soup version 0.28.0-47-ge53b351184 (webtiles) character file.

Game seed: 10059693934877656033

2108 promet the Thaumaturge (level 9, -1/65 HPs)
             Began as a Gnoll Hedge Wizard on May 9, 2022.
             Was a Follower of Uskayaw.
             Succumbed to a hornet's poison
             ... on level 7 of the Dungeon on May 10, 2022.
             The game lasted 01:29:57 (10815 turns).

promet the Thaumaturge (Gnoll Hedge Wizard)        Turns: 10815, Time: 01:29:58

Health: -1/65      AC: 10    Str: 15    XL:     9   Next: 28%
Magic:  18/21      EV: 29    Int: 19    God:    Uskayaw [*.....]
Gold:   249        SH:  0    Dex: 11    Spells: 4/24 levels left

rFire   . . .      SeeInvis .   s - +2 trident (venom)
rCold   . . .      Faith    .   (no shield)
rNeg    . . .      Spirit   .   r - +0 steam dragon scales
rPois   .          Reflect  .   c - +1 hat
rElec   .          Harm     .   q - +1 cloak
rCorr   .          Rampage  .   (no gloves)
Will    .....                   C - +0 pair of boots
Stlth   +++.......              o - amulet of the acrobat
HPRegen 0.20/turn               x - +6 ring of strength
MPRegen 0.17/turn               (no ring)

@: lethally poisoned (-1 -> -8), acrobatic, slowed, very slow
A: fangs 1, strong nose, distributed training
a: Renounce Religion, Stomp


You were on level 7 of the Dungeon.
You worshipped Uskayaw.
Uskayaw was noncommittal.
You visited 2 branches of the dungeon, and saw 9 of its levels.

You collected 249 gold pieces.

Inventory:

Hand Weapons
 a - a +2 trident of protection
 b - a +0 shortbow of freezing
 g - a +2 spectral club
 h - a +0 hand crossbow
 k - a +1 dagger
 n - a +2 flail of protection
 s - a +2 trident of venom (weapon)
 t - a +4 quarterstaff of chaos
 u - a +0 war axe
 D - a +2 vampiric short sword
Missiles
 e - 59 bolts
 j - 207 stones (quivered)
 l - 83 arrows
 B - 19 sling bullets
 E - 13 poisoned darts
Armour
 c - a +1 hat (worn)
 d - a +0 buckler
 m - a +0 leather armour
 q - a +1 cloak (worn)
 r - +0 steam dragon scales (worn)
 y - a +0 robe
 C - a +0 pair of boots (worn)
Jewellery
 o - an amulet of the acrobat (around neck)
 x - a +6 ring of strength (left hand)
Wands
 f - a wand of mindburst (2)
 v - a wand of flame (39)
 A - a wand of iceblast (12)
Scrolls
 i - 2 scrolls of amnesia
 w - 5 scrolls of identify
Potions
 p - a potion of brilliance
 z - a potion of haste


   Skills:
 + Level 4.1 Fighting
 + Level 4.1 Short Blades
 + Level 4.1 Long Blades
 + Level 4.1 Axes
 + Level 4.1 Maces & Flails
 + Level 4.1 Polearms
 + Level 4.1 Staves
 + Level 4.1 Slings
 + Level 4.1 Bows
 + Level 4.1 Crossbows
 + Level 4.1 Throwing
 + Level 4.1 Armour
 + Level 6.2 Dodging
 + Level 5.9 Stealth
 + Level 4.1 Shields
 + Level 4.1 Unarmed Combat
 + Level 8.3 Spellcasting
 + Level 4.0 Conjurations
 + Level 3.3 Hexes
 + Level 4.0 Summonings
 + Level 3.3 Necromancy
 + Level 4.0 Translocations
 + Level 3.3 Transmutations
 + Level 3.3 Fire Magic
 + Level 3.3 Ice Magic
 + Level 3.3 Air Magic
 + Level 3.3 Earth Magic
 + Level 3.3 Poison Magic
 + Level 4.5 Invocations
 + Level 4.1 Evocations


You had 4 spell levels left.
You knew the following spells:

 Your Spells              Type           Power      Damage    Failure   Level
a - Magic Dart            Conj           92%        1d7       1%          1
b - Call Imp              Summ           23%        N/A       2%          2
c - Blink                 Tloc           46%        N/A       2%          2
d - Slow                  Hex            80%        N/A       2%          1
e - Apportation           Tloc           46%        N/A       1%          1
f - Pain                  Necr           80%        1d8       2%          1
g - Gell's Gravitas       Tloc           23%        N/A       4%          3
h - Ensorcelled Hibernat  Hex/Ice        40%        N/A       3%          2
i - Conjure Flame         Conj/Fire      22%        6-21      6%          3
j - Animate Skeleton      Necr           40%        N/A       2%          1
k - Teleport Other        Tloc           23%        N/A       4%          3

Your spell library contained the following spells:

 Spells                   Type           Power      Damage    Failure   Level
 Shock                    Conj/Air       88%        1d8       1%          1
 Passwall                 Tmut/Erth      16%        N/A       3%          2
 Mephitic Cloud           Conj/Pois/Air  21%        N/A       6%          3
 Summon Guardian Golem    Hex/Summ       22%        N/A       6%          3
 Swiftness                Air            20%        N/A       7%          3
 Vampiric Draining        Necr           20%        2d7       7%          3
 Airstrike                Air            10%        N/A       22%         4
 Agony                    Necr           20%        N/A       52%         5
 Alistair's Intoxication  Tmut/Pois      13%        N/A       52%         5
 Excruciating Wounds      Necr           10%        N/A       52%         5
 Dispersal                Tloc           11%        N/A       95%         6
 Orb of Destruction       Conj           11%        9d6       100%        7
 Spellforged Servitor     Conj/Summ      11%        N/A       100%        7


Dungeon Overview and Level Annotations

Branches:
Dungeon (8/15)             Temple (1/1) D:5
   Lair: D:8-11

Altars:
Ashenzari
Cheibriados
Elyvilon
Fedhas
Gozag
Hepliaklqana
Makhleb
Ru
Trog
Uskayaw
Yredelemnul
Zin
The Shining One

Shops:
D:1 *


Innate Abilities, Weirdness & Mutations

You have very sharp teeth.
Your uncanny sense of smell can sniff out nearby items.
Your experience applies equally to all skills.


Message History

Your shadow imp gestures at the hornet.
The hornet writhes in agony.
Something barely misses your shadow imp.
The hornet misses your shadow imp.
You closely miss the hornet. Your bite misses the hornet.
The hornet is severely wounded.
The hornet completely misses you.
Your shadow imp closely misses the hornet.
Something hits your shadow imp. The hornet stings you.
You feel as though you will be slow longer.
Your shadow imp hits the hornet.
You barely miss the hornet.
The hornet is almost dead.
The hornet stings you.
You suddenly lose the ability to move!
Something hits your shadow imp but does no damage.
The orc priest invokes the aid of Beogh against you.
Beogh smites you!
* * * LOW HITPOINT WARNING * * *
The hornet stings you.
* * * LOW HITPOINT WARNING * * *
You are lethally poisoned!
You feel as though you will be slow longer.
Your shadow imp hits the hornet.
The hornet dies!
* * * LOW HITPOINT WARNING * * *
You feel very sick. Something hits you.
* * * LOW HITPOINT WARNING * * *
You can move again.
Okay, then.
Casting: Call Imp (safe; 2% risk of failure)
Confirm with . or Enter, or press ? or * to list all spells.
You blink.
A bullfrog comes into view.
* * * LOW HITPOINT WARNING * * *
You feel very sick.
The bullfrog gives a loud, deep croak!
Something closely misses your shadow imp.
You feel stable enough to blink again.
You die...

####.###.# #..# # #.# #.#
#..### .. #####.# #.# #.... ...
......# #^# ###.#### ....
#####.###.# #......# .....
####...##.######.#....###......
'...................o.o.'......
####...##.######....{.###..)..(
# #.......# #@.#5#.# .....
##...#### #......# .... ##.##
##.##### ... #.# #.# +# #[# #.#
#.# #F. ... #... ### ###.


You could see a bullfrog, an orc priest and an orc.

Vanquished Creatures
  A steam dragon (D:6)
  An orc warrior (D:3)
  A black bear (D:5)
  An ogre (D:6)
  2 centaurs
  A phantom (D:6)
  A wyvern zombie (D:6)
  A kobold brigand (D:6)
  2 bullfrogs
  A water moccasin zombie (D:5)
  3 scorpions
  A wyvern skeleton (D:7)
  A bullfrog zombie (D:5)
  A jelly (D:6)
  Crazy Yiuf (D:2)
  2 orc priests (D:4)
  A centaur skeleton (D:4)
  2 hounds
  Ijyb (D:5)
  Jessica (D:2)
  2 iguanas (D:6)
  2 orc wizards
  A hound zombie (D:5)
  3 gnolls (D:2)
  4 adders
  A shadow imp (D:6)
  An ufetubus (D:5)
  A dart slug (D:1)
  12 orcs
  5 ball pythons
  5 endoplasms
  7 giant cockroaches
  5 goblins
  2 hobgoblins
  2 jackals (D:3)
  A quokka (D:2)
  7 bats
  5 frilled lizards
  10 kobolds
  3 rats
105 creatures vanquished.

Vanquished Creatures (collateral kills)
  A hornet (D:7)
  A kobold brigand (D:8)
  A jelly (D:5)
  An iguana (D:6)
  A gnoll (D:2)
  A white imp (D:5)
  A worm (D:2)
  A dart slug (D:3)
  3 orcs
  A ball python (D:4)
  3 goblins (D:1)
  A hobgoblin (D:1)
  A jackal (D:3)
  A kobold (D:7)
  A bat (D:1)
  2 rats
21 creatures vanquished.

Vanquished Creatures (others)
  A fungus (D:2)
1 creature vanquished.

Grand Total: 127 creatures vanquished

Notes
Turn   | Place    | Note
-------+----------+-------------------------------------------
     0 | D:1      | promet the Gnoll Hedge Wizard began the quest for the Orb.
     0 | D:1      | Reached XP level 1. HP: 13/13 MP: 8/8
   176 | D:1      | Reached XP level 2. HP: 19/19 MP: 5/10
   548 | D:1      | Learned a level 2 spell: Call Imp
   551 | D:1      | Learned a level 2 spell: Blink
   553 | D:1      | Learned a level 1 spell: Slow
   692 | D:1      | Found Qeilos's General Store.
   789 | D:1      | Reached XP level 3. HP: 25/25 MP: 7/11
  1125 | D:2      | Reached skill level 1 in Invocations
  1660 | D:2      | Reached skill level 1 in Fighting
  1660 | D:2      | Reached skill level 1 in Short Blades
  1660 | D:2      | Reached skill level 1 in Long Blades
  1660 | D:2      | Reached skill level 1 in Axes
  1660 | D:2      | Reached skill level 1 in Maces & Flails
  1660 | D:2      | Reached skill level 1 in Polearms
  1660 | D:2      | Reached skill level 1 in Staves
  1660 | D:2      | Reached skill level 1 in Slings
  1660 | D:2      | Reached skill level 1 in Bows
  1660 | D:2      | Reached skill level 1 in Crossbows
  1660 | D:2      | Reached skill level 1 in Throwing
  1660 | D:2      | Reached skill level 1 in Armour
  1660 | D:2      | Reached skill level 1 in Shields
  1660 | D:2      | Reached skill level 1 in Unarmed Combat
  1660 | D:2      | Reached skill level 1 in Evocations
  1665 | D:2      | Reached XP level 4. HP: 28/32 MP: 0/13
  1949 | D:2      | Found a faded altar of an unknown god.
  1964 | D:2      | Learned a level 1 spell: Apportation
  2080 | D:2      | Noticed Jessica
  2567 | D:2      | Reached skill level 1 in Hexes
  2567 | D:2      | Reached skill level 1 in Necromancy
  2567 | D:2      | Reached skill level 1 in Transmutations
  2567 | D:2      | Reached skill level 1 in Fire Magic
  2567 | D:2      | Reached skill level 1 in Ice Magic
  2567 | D:2      | Reached skill level 1 in Air Magic
  2567 | D:2      | Reached skill level 1 in Earth Magic
  2567 | D:2      | Reached skill level 1 in Poison Magic
  3299 | D:3      | Reached XP level 5. HP: 36/37 MP: 11/14
  3383 | D:3      | Found a white marble altar of Elyvilon.
  3383 | D:3      | Found a glowing silver altar of Zin.
  3656 | D:4      | Found a snail-covered altar of Cheibriados.
  4009 | D:4      | Noticed an orc warrior
  4312 | D:2      | Found a runed translucent door.
  4313 | D:2      | Noticed Crazy Yiuf
  4321 | D:2      | Killed Crazy Yiuf
  4467 | D:2      | Killed Jessica
  4468 | D:2      | Reached XP level 6. HP: 44/44 MP: 8/16
  4600 | D:3      | Killed an orc warrior
  4601 | D:3      | Reached skill level 5 in Dodging
  5901 | D:5      | Entered Level 5 of the Dungeon
  5920 | D:5      | Reached XP level 7. HP: 48/50 MP: 16/18
  5960 | D:5      | Noticed Ijyb
  5975 | D:5      | Killed Ijyb
  5981 | D:5      | HP: 1/50 [orc priest/divine providence (11)]
  6930 | D:5      | Found a staircase to the Ecumenical Temple.
  6939 | Temple   | Entered the Ecumenical Temple
  7126 | Temple   | Became a worshipper of Uskayaw the Reveller
  7280 | D:5      | Reached * piety under Uskayaw
  7281 | D:5      | Reached skill level 5 in Stealth
  7426 | D:5      | Reached ** piety under Uskayaw
  7865 | D:6      | Reached XP level 8. HP: 52/57 MP: 16/19
  8040 | D:5      | Learned a level 1 spell: Pain
  8279 | D:6      | Reached skill level 8 in Spellcasting
  8589 | D:6      | Learned a level 3 spell: Gell's Gravitas
  8998 | D:6      | Learned a level 2 spell: Ensorcelled Hibernation
  9748 | D:6      | Found a basalt altar of Yredelemnul.
  9867 | D:7      | Learned a level 3 spell: Conjure Flame
  9894 | D:7      | Reached XP level 9. HP: 65/65 MP: 19/21
 10485 | D:7      | Learned a level 1 spell: Animate Skeleton
 10489 | D:7      | Learned a level 3 spell: Teleport Other
 10788 | D:7      | Noticed a hornet
 10812 | D:7      | Paralysed by a hornet for 2 turns
 10812 | D:7      | Killed a hornet
 10814 | D:7      | HP: 2/65 [poisoned by a hornet]
 10815 | D:7      | Succumbed to a hornet's poison

Illustrated notes

Levels and vault maps discovered:
D:1:      dpeg_arrival_tiny_c, layout_rooms, serial_corexii_hall,
          corexii_hall_statues_deadend, corexii_hall_statues_s, serial_shops,
          shop
D:2:      layout_rooms, hellmonk_ecumenical_altar_blasted,
          uniq_crazy_yiuf_cottage, uniq_jessica
D:3:      layout_rooms, gammafunk_temple_overflow_elements,
          nicolae_elevator_lobby_asterisk
D:4:      layout_loops_cross, mainiacjoe_overflow_tiny_flanked
D:5:      layout_gridville, lemuel_temple_firewalk_b,
          minmay_misc_feat_nine_boxes, uniq_ijyb
D:6:      layout_basic, mainiacjoe_overflow_alcove_1, st_stairs_2
D:7:      layout_loops_corners, grunt_dithmenos_smoke
D:8:      layout_gridville, nicolae_kikubaaqudgha_miasma_corner,
          gammafunk_ghost_spectres, enter_bailey_3, uniq_prince_ribbit1
Temple:   nicolae_temple_figure_zero

Skill      XL: |  1  2  3  4  5  6  7  8  9 |
---------------+----------------------------+-----
Conjurations   | 2 3 4 |  4.0
Summonings     | 2 3 4 |  4.0
Translocations | 2 3 4 |  4.0
Invocations    | 1 2 3 4 |  4.5
Fighting       | 1 2 3 4 |  4.1
Short Blades   | 1 2 3 4 |  4.1
Long Blades    | 1 2 3 4 |  4.1
Axes           | 1 2 3 4 |  4.1
Maces & Flails | 1 2 3 4 |  4.1
Polearms       | 1 2 3 4 |  4.1
Staves         | 1 2 3 4 |  4.1
Slings         | 1 2 3 4 |  4.1
Bows           | 1 2 3 4 |  4.1
Crossbows      | 1 2 3 4 |  4.1
Throwing       | 1 2 3 4 |  4.1
Armour         | 1 2 3 4 |  4.1
Shields        | 1 2 3 4 |  4.1
Unarmed Combat | 1 2 3 4 |  4.1
Evocations     | 1 2 3 4 |  4.1
Hexes          | 1 2 3 |  3.3
Necromancy     | 1 2 3 |  3.3
Transmutations | 1 2 3 |  3.3
Fire Magic     | 1 2 3 |  3.3
Ice Magic      | 1 2 3 |  3.3
Air Magic      | 1 2 3 |  3.3
Earth Magic    | 1 2 3 |  3.3
Poison Magic   | 1 2 3 |  3.3
Dodging        | 5 6 |  6.2
Stealth        | 5 |  5.9
Spellcasting   | 8 |  8.3

Action                   |  1- 3 |  4- 6 |  7- 9 || total
-------------------------+-------+-------+-------++-------
Melee: Dagger            |    45 |     1 |       ||    46
       Bite              |     1 |    12 |    12 ||    25
       Spear             |     3 |    62 |       ||    65
       Trident           |       |    48 |   171 ||   219
       Quarterstaff      |       |     1 |       ||     1
       Flail             |       |     8 |       ||     8
       Punch             |       |     2 |     3 ||     5
 Fire: Shortbow          |       |       |    43 ||    43
       Hand crossbow     |       |       |     1 ||     1
Throw: Stone             |       |     1 |     1 ||     2
 Cast: Magic Dart        |    41 |    48 |    51 ||   140
       Call Imp          |    11 |    27 |    28 ||    66
       Slow              |     3 |     6 |     2 ||    11
       Blink             |       |     1 |     1 ||     2
       Conjure Flame     |       |       |     2 ||     2
       Ensorcelled Hiber |       |       |     1 ||     1
Evoke: Wand              |       |       |     1 ||     1
  Use: Scroll            |     7 |     4 |     6 ||    17
       Potion            |     3 |     3 |     3 ||     9
 Stab: Sleeping          |     2 |     5 |       ||     7
       Distracted        |     1 |       |     3 ||     4
Armor: Robe              |    12 |       |       ||    12
       Leather armour    |     2 |    40 |    48 ||    90
       Steam dragon scal |       |       |    33 ||    33
Dodge: Dodged            |    45 |    76 |   174 ||   295
